 Dungeon Crawl Stone Soup version 0.27-a0-1196-g3e9cee4cb2 (webtiles) character file.

Game seed: 1971208630063096080

1022 Kinoniko the Cleaver (level 8, -14/88 HPs)
             Began as an Ogre Berserker on May 28, 2021.
             Was an Elder of Trog.
             Demolished by an ogre
             ... wielding a +0 giant club
              (31 damage)
             ... on level 5 of the Dungeon.
             The game lasted 00:05:33 (4734 turns).

Kinoniko the Cleaver (Ogre Berserker)               Turns: 4734, Time: 00:05:35

Health: -14/88     AC:  4    Str: 24    XL:     8   Next: 22%
Magic:  8/8        EV: 10    Int:  8    God:    Trog [****..]
Gold:   161        SH:  0    Dex:  8    Spells: 7/7 levels left

rFire    . . .     SeeInvis .   a - +0 hand axe
rCold    . . .     Faith    .   (no shield)
rNeg     . . .     Spirit   .   b - +0 animal skin
rPois    +         Reflect  .   (helmet restricted)
rElec    .         Harm     .   k - +0 cloak
rCorr    .         Rampage  .   (gloves unavailable)
Will     .....                  (boots unavailable)
Stlth    +.........             (no amulet)
HPRegen  0.24/turn              n - ring of poison resistance
MPRegen  0.11/turn              (no ring)

@: confused, ambrosia-drunk, on berserk cooldown, slowed, very slow
A: large, unfitting armour, tough skin 1
a: Renounce Religion, Berserk, Trog's Hand, Brothers in Arms


You were on level 5 of the Dungeon.
You worshipped Trog.
Trog was greatly pleased with you.
You visited 1 branch of the dungeon, and saw 5 of its levels.

You collected 161 gold pieces.

Inventory:

Hand Weapons
 a - a +0 hand axe (weapon)
Armour
 b - a +0 animal skin (worn)
 k - a +0 cloak (worn)
Jewellery
 n - a ring of poison resistance (left hand)
Wands
 j - a wand of digging (6)
Scrolls
 c - 2 scrolls of teleportation
 e - a scroll of holy word
 f - a scroll of fog {unknown}
 i - 2 scrolls of amnesia
 m - 2 scrolls of silence {unknown}
 p - a scroll of noise {unknown}
 q - a scroll of blinking {unknown}
 s - a scroll of identify
 t - a scroll of magic mapping {unknown}
Potions
 d - 3 potions of curing
 g - a potion of attraction
 o - a potion of cancellation {unknown}
 r - a potion of degeneration {unknown}


   Skills:
 + Level 8.0 Fighting
 * Level 8.2 Axes
 - Level 2.6 Dodging


You had 7 spell levels left.
You didn't know any spells.
Your spell library was empty.

Dungeon Overview and Level Annotations

Branches:
Dungeon (5/15)
 Temple: D:4-7

Altars:
Hepliaklqana
Sif Muna
Uskayaw
Xom
Yredelemnul
Zin

Shops:
D:2 *


Innate Abilities, Weirdness & Mutations

You are too large for most types of armour.
You have tough skin. (AC +1)


Message History

The orc priest invokes the aid of Beogh against you.
Beogh smites you!
The centaur skeleton completely misses you.
The centaur skeleton kicks you but does no damage.
You slash the ogre!
The ogre is heavily wounded.
You closely miss the orc priest. You hit the centaur skeleton.
The centaur skeleton hits you.
The centaur skeleton kicks you but does no damage.
The ogre hits you with a +0 giant club!!
The orc priest hits you with a +0 flail.
* * * LOW HITPOINT WARNING * * *
The centaur skeleton hits you.
* * * LOW HITPOINT WARNING * * *
The centaur skeleton completely misses you.
An orc comes into view. It is wielding a +0 short sword.
The orc priest hits you but does no damage.
You feel much better. The ogre hits you with a +0 giant club!
The orc priest calls down the wrath of Beogh upon you.
You struggle to resist.
The ogre barely misses you.
Unknown command.
You are confused.
You feel invigorated.
The orc priest hits you but does no damage.
An orc comes into view. It is wielding a +0 whip.
The orc hits you with a +0 mace.
The ogre hits you with a +0 giant club!!
* * * LOW HITPOINT WARNING * * *
The orc priest calls down the wrath of Beogh upon you.
You struggle to resist.
You're too confused to attack without stumbling around!
You're too confused to attack without stumbling around!
You hit the ogre.
The ogre is severely wounded.
You hit the centaur skeleton. You closely miss the orc priest. You hit the orc.
The orc closely misses you.
The centaur skeleton closely misses you.
The centaur skeleton misses you. The orc priest misses you.
The ogre hits you with a +0 giant club!!
You die...

..# ...## ## ....#
# . ##.##...#.##..
###......##.....
###...............
..................
...............#.#
..........@O.....#
.......<.Zoo.!..$#
##...#............
...##.......o.....
.. ##..#..##.....
# ....#### .....
....## .o.. ....
...# #...


You could see an ogre, an orc priest, 3 orcs and a centaur skeleton.

Vanquished Creatures
  Pikel (D:4)
  Edmund (D:4)
  A phantom (D:5)
  A jelly (D:4)
  Crazy Yiuf (D:2)
  Jessica (D:2)
  A gnoll shaman (D:4)
  2 orc wizards (D:3)
  3 hound zombies (D:4)
  A hound skeleton (D:4)
  2 howler monkey skeletons (D:4)
  5 gnolls (D:4)
  An adder (D:4)
  An adder zombie (D:4)
  5 dart slugs
  2 orcs
  8 ball pythons
  4 endoplasms
  6 giant cockroaches
  10 goblins
  9 hobgoblins
  3 jackals (D:2)
  6 kobolds
  7 quokkas
  8 bats
  9 frilled lizards
  A quokka zombie (D:4)
  9 rats
109 creatures vanquished.

Vanquished Creatures (others)
  2 fungi (D:2)
  3 withered plants (D:4)
5 creatures vanquished.

Grand Total: 114 creatures vanquished

Notes
Turn   | Place    | Note
-------+----------+-------------------------------------------
     0 | D:1      | Kinoniko the Ogre Berserker began the quest for the Orb.
     0 | D:1      | Reached XP level 1. HP: 24/24 MP: 1/1
   311 | D:1      | Reached XP level 2. HP: 32/32 MP: 2/2
   534 | D:1      | Reached ** piety under Trog
   836 | D:1      | Reached XP level 3. HP: 38/40 MP: 3/3
  1474 | D:2      | Found a faded altar of an unknown god.
  1507 | D:2      | Found Fisoerr's General Store.
  1546 | D:2      | Found a runed translucent door.
  1547 | D:2      | Noticed Crazy Yiuf
  1804 | D:2      | Noticed Jessica
  1808 | D:2      | Killed Jessica
  1809 | D:2      | Reached XP level 4. HP: 49/49 MP: 4/4
  2032 | D:2      | Found a hide-covered altar of Uskayaw.
  2386 | D:2      | Killed Crazy Yiuf
  2387 | D:2      | Reached skill level 5 in Fighting
  2509 | D:3      | Found a glowing silver altar of Zin.
  2510 | D:3      | Found a shimmering altar of Xom.
  2511 | D:3      | Noticed an angel
  2641 | D:3      | Reached XP level 5. HP: 56/57 MP: 5/5
  2649 | D:3      | Found a shimmering blue altar of Sif Muna.
  2702 | D:3      | Reached *** piety under Trog
  2836 | D:3      | Reached skill level 5 in Axes
  3635 | D:4      | Noticed Edmund
  3640 | D:4      | Noticed a lemure
  3640 | D:4      | Noticed Pikel
  3643 | D:4      | Noticed a lemure
  3643 | D:4      | Noticed a lemure
  3645 | D:4      | Noticed a lemure
  3663 | D:4      | Killed Edmund
  3664 | D:4      | Reached XP level 6. HP: 67/67 MP: 6/6
  3678 | D:4      | Killed Pikel
  3679 | D:4      | Reached XP level 7. HP: 59/78 MP: 7/7
  4155 | D:4      | Reached XP level 8. HP: 88/88 MP: 8/8
  4270 | D:4      | Reached **** piety under Trog
  4451 | D:4      | Found a basalt altar of Yredelemnul.
  4527 | D:4      | Found a hazy altar of Hepliaklqana.
  4710 | D:5      | Entered Level 5 of the Dungeon
  4734 | D:5      | Demolished by an ogre

Illustrated notes

Levels and vault maps discovered:
D:1:      onia_arrival_mini_maze_b, layout_loops_corners, minmay_lizard_pond
D:2:      layout_basic, basic_altar, hellmonk_ecumenical_altar_blasted,
          serial_shops, shop, minmay_goblin_kobold_house,
          uniq_crazy_yiuf_cottage, uniq_jessica
D:3:      minmay_evil_eye, layout_basic,
          grunt_temple_overflow_order_and_chaos_1, led_sif_book,
          portal_sewer_entry_f
D:4:      layout_cave_pools, kennysheep_little_box, general_overflow_altar,
          serial_undead, serial_undead_b, serial_undead_f, serial_undead_e,
          serial_undead_a, serial_undead_c, st_stairs_4,
          minmay_misc_feat_secret_circle, uniq_pikel, uniq_edmund
D:5:      layout_cave_pools, overflow_temple_1_default

Skill      XL: |  1  2  3  4  5  6  7  8 |
---------------+-------------------------+-----
Axes           | 4 6 7 8 |  8.2
Fighting       | 5 6 7 8 |  8.0
Dodging        | |  2.6

Action                   |  1- 3 |  4- 6 |  7- 9 || total
-------------------------+-------+-------+-------++-------
Melee: Hand axe          |   117 |   171 |    91 ||   379
Invok: Berserk           |     1 |     4 |     4 ||     9
Evoke: Wand              |       |     1 |       ||     1
  Use: Scroll            |       |     6 |       ||     6
       Potion            |       |     4 |     2 ||     6
Armor: Animal skin       |    49 |    53 |    13 ||   115
       Skin              |       |    20 |    11 ||    31
Dodge: Dodged            |    76 |    78 |    48 ||   202

Table legend: (Time is in decaauts)
 A = Elapsed time spent in this place.
 B = Non-inter-level travel time spent in this place.
 C = Inter-level travel time spent in this place.
 D = Time resting spent in this place.
 E = Time spent auto-exploring this place.
 F = Levels seen in this place.
 G = Mean time per level.
                   A        B        C        D        E       F      G
               +--------+--------+--------+--------+--------+-----+--------+
         Total |   4809 |   4701 |    108 |    764 |   3173 |   5 |  961.8 |
       Dungeon |   4809 |   4701 |    108 |    764 |   3173 |   5 |  961.8 |
               +--------+--------+--------+--------+--------+-----+--------+

Top non-repeatable levels by time:
     D:3: 1247 daAuts
     D:2: 1223 daAuts
     D:1: 1220 daAuts
     D:4: 1097 daAuts
     D:5: 21 daAuts
